 Dungeon Crawl Stone Soup version 0.30-a0-723-gc1506a1cf0 (webtiles) character file.

Game seed: 6372392865429661682

1259 Leeroy the Grasshopper (level 8, -3/64 HPs)
             Began as a Gnoll Warper on Jan 28, 2023.
             Was an Initiate of Okawaru.
             Killed by divine providence
             ... invoked by an orc priest
              (13 damage)
             ... on level 7 of the Dungeon.
             The game lasted 00:10:19 (8253 turns).

Leeroy the Grasshopper (Gnoll Warper)               Turns: 8253, Time: 00:10:20

Health: -3/64      AC:  6    Str: 17    XL:     8   Next: 51%
Magic:  15/17      EV: 14    Int: 18    God:    Okawaru [......]
Gold:   391        SH:  0    Dex: 14    Spells: 8/19 levels left

rFire   . . .      SeeInvis .    e - +1 dagger (venom)
rCold   . . .      Faith    .    (no shield)
rNeg    . . .      Spirit   .    b - +0 leather armour
rPois   .          Reflect  .    (no helmet)
rElec   .          Harm     .    (no cloak)
rCorr   .          Rampage  .    f - +0 pair of gloves
Will    .....                    q - +0 pair of boots
Stlth   ++                       (no amulet)
HPRegen 0.30/turn                t - +6 ring of strength
MPRegen 0.15/turn                i - +6 ring of intelligence

@: no status effects
A: fangs 1, strong nose, distributed training
a: Renounce Religion


You were on level 7 of the Dungeon.
You worshipped Okawaru.
Okawaru was noncommittal.
You visited 2 branches of the dungeon, and saw 8 of its levels.

You collected 391 gold pieces.

Inventory:

Hand Weapons
 a - a +0 falchion
 e - a +1 dagger of venom (weapon)
 r - a +3 dagger
 x - a +0 rapier
 E - a +2 short sword of flaming
Missiles
 d - 7 boomerangs of dispersal
 j - 17 poisoned darts (quivered)
 o - 5 javelins
 w - a throwing net
Armour
 b - a +0 leather armour (worn)
 f - a +0 pair of gloves (worn)
 q - a +0 pair of boots (worn)
Jewellery
 i - a +6 ring of intelligence (right hand)
 t - a +6 ring of strength (left hand)
 G - a ring of fire
Wands
 p - a wand of iceblast (5)
 u - a wand of mindburst (8)
 y - a wand of flame (6)
Scrolls
 c - a scroll of blinking
 g - 4 scrolls of identify
 m - a scroll of vulnerability {unknown}
 n - a scroll of fog {unknown}
 s - a scroll of summoning {unknown}
 v - a scroll of amnesia {unknown}
 A - a scroll of brand weapon {unknown}
 F - 2 scrolls of immolation {unknown}
Potions
 k - 2 potions of curing
 l - 3 potions of haste
 z - a potion of mutation {unknown}
 B - a potion of attraction {unknown}
 C - a potion of flight {unknown}
 D - a potion of cancellation {unknown}


   Skills:
 + Level 5.8 Fighting
 + Level 3.4 Short Blades
 + Level 5.8 Long Blades
 + Level 3.4 Axes
 + Level 3.4 Maces & Flails
 + Level 3.4 Polearms
 + Level 3.4 Staves
 + Level 3.4 Ranged Weapons
 + Level 4.4 Throwing
 + Level 4.4 Armour
 + Level 5.8 Dodging
 + Level 3.4 Stealth
 + Level 3.4 Shields
 + Level 3.4 Unarmed Combat
 + Level 6.1 Spellcasting
 + Level 2.8 Conjurations
 + Level 2.8 Hexes
 + Level 2.8 Summonings
 + Level 2.8 Necromancy
 + Level 6.2 Translocations
 + Level 2.8 Transmutations
 + Level 2.8 Fire Magic
 + Level 2.8 Ice Magic
 + Level 2.8 Air Magic
 + Level 2.8 Earth Magic
 + Level 2.8 Poison Magic
 + Level 3.8 Invocations
 + Level 3.4 Evocations


You had 8 spell levels left.
You knew the following spells:

 Your Spells              Type           Power      Damage    Failure   Level
a - Blink                 Tloc           56%        N/A       1%          2
b - Teleport Other        Tloc           28%        N/A       3%          3
c - Vhi's Electric Charg  Tloc/Air       42%        N/A       6%          3
d - Kindle Blastsparks    Fire/Tloc/Air  38%        2d13      9%          3

Your spell library contained the following spells:

 Spells                   Type           Power      Damage    Failure   Level
 Lesser Beckoning         Tloc           56%        N/A       1%          2
 Slow                     Hex            60%        N/A       4%          1
 Scorch                   Fire           30%        2d6       7%          2
 Static Discharge         Conj/Air       30%        2-4/arc   7%          2
 Manifold Assault         Tloc           28%        N/A       11%         4
 Confusing Touch          Hex            15%        N/A       13%         3
 Hailstorm                Conj/Ice       15%        3d5       13%         3
 Ignite Poison            Fire/Tmut/Pois 15%        N/A       13%         3
 Vampiric Draining        Necr           15%        2d7       13%         3
 Flame Wave               Conj/Fire      15%        2d7       41%         4
 Ice Form                 Ice/Tmut       15%        N/A       41%         4
 Arcjolt                  Conj/Air       7%         1d17      77%         5
 Freezing Cloud           Conj/Ice/Air   7%         6-21      77%         5
 Lightning Bolt           Conj/Air       7%         1d20      77%         5
 Simulacrum               Ice/Necr       Unusable   N/A       N/A         6
 Summon Cactus Giant      Summ           Unusable   N/A       N/A         6

Dungeon Overview and Level Annotations

Branches:
Dungeon (7/15)             Temple (1/1) D:7

Altars:
Ashenzari
Cheibriados
Dithmenos
Elyvilon
Fedhas
Hepliaklqana
Kikubaaqudgha
Makhleb
Nemelex Xobeh
Okawaru
Ru
Sif Muna
Uskayaw
Vehumet
Wu Jian
Xom
Yredelemnul
Zin
The Shining One

Shops:
D:1 (   D:6 [

Annotations:
D:6 Edmund, Grinder


Innate Abilities, Weirdness & Mutations

You have very sharp teeth.
Your uncanny sense of smell can sniff out nearby items.
Your experience applies equally to all skills.


Message History

The orc wizard shouts!
An orc priest and 3 orcs come into view.
An orc is wielding a +0 war axe and quivering boomerangs of dispersal.
The orc priest is wielding a +4 dagger of draining.
The orc shouts!
The orc priest shouts!
The orc moves out of view. x2
The orc shouts!
As you read the scroll of teleportation, it crumbles to dust.
You feel strangely unstable.
You hear a shout!
The gnoll misses you.
The orc wizard gestures wildly while chanting.
The orc wizard flickers and vanishes!
Deactivating autopickup; reactivate with Ctrl-A.
The orc priest looks satisfied for a moment.
The gnoll hits you from afar with a +0 spear.
The gnoll sergeant hits you from afar with a +0 spear!
The gnoll barely misses you.
Something tries to affect you, but you resist.
The gnoll sergeant hits you from afar with a +0 spear.
Your surroundings seem slightly different.
The gnoll hits you from afar with a +2 heavy spear!
The gnoll completely misses you.
The gnoll sergeant hits you from afar with a +0 spear.
* * * LOW HITPOINT WARNING * * *
Casting: Blink (safe; 1% risk of failure)
Confirm with . or Enter, or press ? or * to list all spells.
You blink.
The gnoll hits you from afar with a +0 spear.
* * * LOW HITPOINT WARNING * * *
Something hits you.
* * * LOW HITPOINT WARNING * * *
The orc priest begins to cast a cantrip, but forgets the words!
You feel stable enough to blink again. The orc attacks as you move away!
The orc barely misses you.
A magic dart appears from out of thin air!
The magic dart hits you.
* * * LOW HITPOINT WARNING * * *
The orc priest invokes the aid of Beogh against you.
Beogh smites you!
You die...

#.......#......
#### #....##....#
A#.8#####'###....##
##..#.....g.......#
....+......gg.....#
....#.......ggoo..#
#
_..8#########g{..##
..# ####
#...o##....#
#..o@......#
#..........#
#..........#
............#
##############


You could see a gnoll sergeant, an orc priest, 5 gnolls and 3 orcs.

Vanquished Creatures
  Eustachio (D:4)
  A black bear (D:5)
  A sky beast (D:7)
  A phantom (D:5)
  2 kobold brigands
  A bullfrog (D:7)
  A scorpion (D:6)
  2 killer bees (D:7)
  3 orc priests (D:4)
  4 iguanas
  2 jellies
  11 gnolls
  5 adders
  An ufetubus (D:6)
  2 worms
  A dart slug (D:2)
  9 orcs
  6 ball pythons
  4 bats
  7 endoplasms
  A giant cockroach (D:2)
  6 goblins
  9 hobgoblins
  5 quokkas
  32 kobolds
  3 rats
121 creatures vanquished.

Vanquished Creatures (others)
  51 plants (D:5)
51 creatures vanquished.

Grand Total: 172 creatures vanquished

Notes
Turn   | Place    | Note
-------+----------+-------------------------------------------
     0 | D:1      | Leeroy the Gnoll Warper began the quest for the Orb.
     0 | D:1      | Reached XP level 1. HP: 20/20 MP: 6/6
   246 | D:1      | Reached XP level 2. HP: 17/26 MP: 7/7
   339 | D:1      | Learned a level 2 spell: Blink
   446 | D:1      | Found Ecodeifipp's Antique Weapon Emporium.
   571 | D:1      | Reached skill level 5 in Spellcasting
   571 | D:1      | Reached XP level 3. HP: 31/31 MP: 7/9
   946 | D:2      | Reached skill level 1 in Invocations
  1129 | D:2      | Reached skill level 1 in Short Blades
  1129 | D:2      | Reached skill level 1 in Axes
  1129 | D:2      | Reached skill level 1 in Maces & Flails
  1129 | D:2      | Reached skill level 1 in Polearms
  1129 | D:2      | Reached skill level 1 in Staves
  1129 | D:2      | Reached skill level 1 in Ranged Weapons
  1129 | D:2      | Reached skill level 1 in Stealth
  1129 | D:2      | Reached skill level 1 in Shields
  1129 | D:2      | Reached skill level 1 in Unarmed Combat
  1129 | D:2      | Reached skill level 1 in Evocations
  1163 | D:2      | Found a shimmering blue altar of Sif Muna.
  1703 | D:3      | Found a faded altar of an unknown god.
  1805 | D:3      | Learned a level 3 spell: Teleport Other
  1809 | D:3      | Learned a level 3 spell: Vhi's Electric Charge
  1813 | D:3      | Learned a level 3 spell: Kindle Blastsparks
  1827 | D:3      | Reached XP level 4. HP: 28/38 MP: 11/11
  2023 | D:3      | Noticed a kobold brigand
  2302 | D:3      | Killed a kobold brigand
  2303 | D:3      | Reached skill level 1 in Conjurations
  2303 | D:3      | Reached skill level 1 in Hexes
  2303 | D:3      | Reached skill level 1 in Summonings
  2303 | D:3      | Reached skill level 1 in Necromancy
  2303 | D:3      | Reached skill level 1 in Transmutations
  2303 | D:3      | Reached skill level 1 in Fire Magic
  2303 | D:3      | Reached skill level 1 in Ice Magic
  2303 | D:3      | Reached skill level 1 in Air Magic
  2303 | D:3      | Reached skill level 1 in Earth Magic
  2303 | D:3      | Reached skill level 1 in Poison Magic
  2303 | D:3      | Reached XP level 5. HP: 9/43 MP: 12/12
  3107 | D:4      | Reached XP level 6. HP: 49/50 MP: 13/13
  3179 | D:4      | Found a burning altar of Makhleb.
  3280 | D:3      | Reached skill level 5 in Fighting
  3280 | D:3      | Reached skill level 5 in Long Blades
  3280 | D:3      | Reached skill level 5 in Dodging
  3948 | D:4      | Noticed Eustachio
  4198 | D:4      | Killed Eustachio
  4199 | D:4      | Reached XP level 7. HP: 31/56 MP: 15/15
  4421 | D:5      | Entered Level 5 of the Dungeon
  6479 | D:5      | Reached XP level 8. HP: 63/63 MP: 16/16
  7107 | D:6      | Found Vatyxux's Antique Armour Boutique.
  7412 | D:6      | Noticed Edmund
  7656 | D:6      | Noticed Grinder
  7671 | D:6      | Paralysed by Grinder for 5 turns
  7705 | D:7      | Found a staircase to the Ecumenical Temple.
  7714 | Temple   | Entered the Ecumenical Temple
  7896 | Temple   | Became a worshipper of Warmaster Okawaru
  8097 | D:7      | Found a glowing silver altar of Zin.
  8097 | D:7      | Noticed an angel
  8253 | D:7      | Killed from afar by an orc priest

Illustrated notes

Levels and vault maps discovered:
D:1:      amcnicky_arrival_choice, layout_basic, serial_shops, shop_statue
D:2:      layout_loops_corners, basic_altar
D:3:      cheibrodos_thug_alley, layout_loops_ring,
          hellmonk_ecumenical_altar_run_dry, minmay_misc_feat_tiny
D:4:      layout_cave_pools, lightli_temple_of_fire, grunt_ministairs_15,
          uniq_eustachio
D:5:      kennysheep_kobold_camp, layout_cave_pods, serial_column_ruins,
          column_ruins_hut, column_ruins_open_tiny, column_ruins_open_tiny,
          column_ruins_open_small, column_ruins_open_small, column_ruins_grid_1,
          column_ruins_columns_dead_end, dk_noncrumbling_3
D:6:      layout_basic, serial_shops, nicolae_shop_behind_doors, uniq_edmund,
          uniq_grinder
D:7:      layout_gridville, zin_angel, minmay_temple_entry_statues_pillars,
          lightli_ossuary_entry_decrepit_ruins, nicolae_take_the_stairs
Temple:   regret_index_temple_sphere_string

Skill      XL: |  1  2  3  4  5  6  7  8 |
---------------+-------------------------+-----
Spellcasting   | 5 6 |  6.1
Invocations    | 1 2 3 |  3.8
Short Blades   | 1 2 3 |  3.4
Axes           | 1 2 3 |  3.4
Maces & Flails | 1 2 3 |  3.4
Polearms       | 1 2 3 |  3.4
Staves         | 1 2 3 |  3.4
Ranged Weapons | 1 2 3 |  3.4
Stealth        | 1 2 3 |  3.4
Shields        | 1 2 3 |  3.4
Unarmed Combat | 1 2 3 |  3.4
Evocations     | 1 2 3 |  3.4
Throwing       | 3 4 |  4.4
Armour         | 3 4 |  4.4
Conjurations   | 1 2 |  2.8
Hexes          | 1 2 |  2.8
Summonings     | 1 2 |  2.8
Necromancy     | 1 2 |  2.8
Transmutations | 1 2 |  2.8
Fire Magic     | 1 2 |  2.8
Ice Magic      | 1 2 |  2.8
Air Magic      | 1 2 |  2.8
Earth Magic    | 1 2 |  2.8
Poison Magic   | 1 2 |  2.8
Fighting       | 5 |  5.8
Long Blades    | 5 |  5.8
Dodging        | 5 |  5.8
Translocations | 6 |  6.2

Action                     |  1- 3 |  4- 6 |  7- 9 || total
---------------------------+-------+-------+-------++-------
  Melee: Dagger            |   104 |   144 |   226 ||   474
         Falchion          |     8 |       |       ||     8
         Bite              |    15 |    18 |    30 ||    63
         Punch             |     1 |     5 |     7 ||    13
  Throw: Javelin           |       |     1 |     1 ||     2
   Cast: Vhi's Electric Ch |       |     1 |     7 ||     8
         Blink             |       |     1 |    10 ||    11
         Kindle Blastspark |       |       |     1 ||     1
    Use: Scroll            |       |       |     3 ||     3
         Potion            |       |       |     2 ||     2
   Stab: Sleeping          |     2 |     2 |     1 ||     5
 Armour: Leather armour    |    23 |    24 |    55 ||   102
  Dodge: Dodged            |    55 |    95 |   148 ||   298

Table legend: (Time is in decaauts)
 A = Elapsed time spent in this place.
 B = Non-inter-level travel time spent in this place.
 C = Inter-level travel time spent in this place.
 D = Time resting spent in this place.
 E = Time spent auto-exploring this place.
 F = Levels seen in this place.
 G = Mean time per level.
                   A        B        C        D        E       F      G
               +--------+--------+--------+--------+--------+-----+--------+
         Total |   8206 |   7708 |    498 |   2424 |   3784 |   8 | 1025.8 |
       Dungeon |   8010 |   7567 |    443 |   2424 |   3667 |   7 | 1144.3 |
        Temple |    195 |    140 |     55 |      0 |    117 |   1 |  195.0 |
               +--------+--------+--------+--------+--------+-----+--------+

Top non-repeatable levels by time:
     D:3: 2369 daAuts
     D:5: 1808 daAuts
     D:4: 1332 daAuts
     D:1: 910 daAuts
     D:2: 852 daAuts
     D:6: 376 daAuts
     D:7: 359 daAuts
  Temple: 195 daAuts
